 Dungeon Crawl Stone Soup version 0.29-a0-219-g0a02b1cf4f (webtiles) character file.

Game seed: 3993279360657847655

32 jlumianski the Chopper (level 3, 0/27 HPs)
             Began as a Demonspawn Gladiator on Feb 26, 2022.
             Succumbed to an adder's poison
             ... on level 3 of the Dungeon.
             The game lasted 00:06:27 (1146 turns).

jlumianski the Chopper (Demonspawn Gladiator)       Turns: 1146, Time: 00:06:28

Health: 0/27       AC: 13    Str: 16    XL:     3   Next: 8%
Magic:  3/3        EV:  7    Int:  9    God:
Gold:   77         SH:  0    Dex: 14    Spells: 2/2 levels left

rFire   + . .      SeeInvis .   a - +0 war axe
rCold   + . .      Faith    .   (no shield)
rNeg    . . .      Spirit   .   f - +0 chain mail
rPois   +          Reflect  .   c - +1 helmet
rElec   +          Harm     .   (no cloak)
rCorr   +          Rampage  .   (no gloves)
Will    .....                   i - +2 pair of boots
Stlth   ..........              (no amulet)
HPRegen 0.09/turn               (no ring)
MPRegen 0.08/turn               (no ring)

@: lethally poisoned (0 -> -3), resistant, attractive
A: hooves 1
a: no special abilities


You were on level 3 of the Dungeon.
You visited 1 branch of the dungeon, and saw 6 of its levels.

You collected 77 gold pieces.

Inventory:

Hand Weapons
 a - a +0 war axe (weapon)
Missiles
 d - 3 throwing nets
 j - 67 stones (quivered)
Armour
 b - a +0 leather armour
 c - a +1 helmet (worn)
 f - a +0 chain mail (worn)
 i - a +2 pair of boots (worn)
Scrolls
 k - a scroll of identify
 m - a scroll of vulnerability {unknown}


   Skills:
 + Level 2.1 Fighting
 + Level 3.2 Axes
 + Level 2.0 Throwing
 + Level 0.1 Armour
 + Level 3.1 Dodging


You had 2 spell levels left.
You didn't know any spells.
Your spell library was empty.

Dungeon Overview and Level Annotations

Branches:
Dungeon (6/15)
 Temple: D:4-7

Altars:

Annotations:
D:2 Pargi


Innate Abilities, Weirdness & Mutations

You have large cloven feet.


Message History

The adder bites you. The gnoll hits you with a +0 whip.
As you read the scroll labelled NOATASOETOTI, it crumbles to dust.
It is a scroll of enchant armour.
Your +0 helmet glows green for a moment.
The ball python bites you. The ball python constricts you.
The water moccasin completely misses you.
A hobgoblin comes into view.
The adder bites you.
You are poisoned.
The adder poisons you!
The ball python bites you but does no damage.
The ball python constricts you. The gnoll hits you but does no damage.
As you read the scroll labelled CILOAJEOXUY, it crumbles to dust.
You feel strangely unstable.
It was a scroll of teleportation.
You feel sick. The water moccasin bites you.
The gnoll hits you but does no damage. The adder bites you but does no damage.
An adder comes into view.
The water moccasin bites you!
* * * LOW HITPOINT WARNING * * *
The ball python bites you but does no damage.
The ball python constricts you. The gnoll hits you but does no damage.
It was a potion of attraction.
You feel attractive to monsters.
* * * LOW HITPOINT WARNING * * *
You feel sick.
The adder hisses angrily.
The adder completely misses you. The gnoll hits you but does no damage.
The water moccasin bites you.
* * * LOW HITPOINT WARNING * * *
The ball python bites you.
* * * LOW HITPOINT WARNING * * *
The ball python constricts you. The gnoll hits you but does no damage.
The adder bites you but does no damage. The gnoll hits you but does no damage.
The kobold is attracted toward you. The hobgoblin is attracted toward you.
The adder is attracted toward you.
You feel protected.
Your surroundings suddenly seem different.
Something loses its grip on you.
A bat comes into view.
You die...

############
#..........#
#..........#
#..........#
#.b...@....#
#.............
########......
...... .##..
.# # #


You could see a bat (asleep).

Vanquished Creatures
  An orc (D:4)
  3 bats (D:1)
  2 endoplasms (D:1)
  A giant cockroach (D:1)
  4 goblins (D:1)
  3 hobgoblins
  2 kobolds
  2 quokkas
  3 ball pythons
  4 rats
25 creatures vanquished.

Vanquished Creatures (others)
  2 plants (D:5)
2 creatures vanquished.

Grand Total: 27 creatures vanquished

Notes
Turn   | Place    | Note
-------+----------+-------------------------------------------
     0 | D:1      | jlumianski the Demonspawn Gladiator began the quest for the
                  | Orb.
     0 | D:1      | Reached XP level 1. HP: 16/16 MP: 1/1
   552 | D:1      | Gained mutation: You have large cloven feet. [demonic
                  | ancestry]
   552 | D:1      | Reached XP level 2. HP: 22/22 MP: 2/2
   794 | D:2      | You fall into a shaft and drop 2 floors!
   813 | D:5      | Entered Level 5 of the Dungeon
   850 | D:6      | Noticed a troll
   963 | D:3      | Noticed Pargi
   976 | D:4      | Noticed a black bear
  1003 | D:1      | Reached XP level 3. HP: 20/27 MP: 3/3
  1140 | D:3      | Noticed a water moccasin
  1145 | D:3      | HP: 1/27 [ball python (1)]
  1146 | D:3      | Succumbed to an adder's poison

Illustrated notes

Levels and vault maps discovered:
D:1:      roderic_octagonal_star, layout_loops_cross
D:2:      layout_rooms, basic_altar, uniq_terence
D:3:      layout_basic, nicolae_gozag_cash_rules_everything_around_me,
          ebering_ecumenical_altar_abandoned, uniq_pargi
D:4:      minmay_chambers_of_twos, layout_basic
D:5:      layout_loops_corners, nicolae_vehumet_altar_sigil,
          kiku_gazebo_garden_becter, minmay_temple_entry_offerings,
          serial_bayou_lake_a, uniq_duvessa
D:6:      wad_pebble_path, layout_loops_ring

Skill      XL: |  1  2 |
---------------+-------+-----
Dodging        | 3 |  3.1
Axes           | 3 |  3.2
Throwing       | 2 |  2.0
Fighting       | |  2.1
Armour         | |  0.1

Action                   || total
-------------------------++-------
Melee: War axe           ||    42
       Punch             ||     2
Throw: Stone             ||    17
  Use: Scroll            ||     3
       Potion            ||     2
Armor: Chain mail        ||    45
Dodge: Dodged            ||    34

Table legend: (Time is in decaauts)
 A = Elapsed time spent in this place.
 B = Non-inter-level travel time spent in this place.
 C = Inter-level travel time spent in this place.
 D = Time resting spent in this place.
 E = Time spent auto-exploring this place.
 F = Levels seen in this place.
 G = Mean time per level.
                   A        B        C        D        E       F      G
               +--------+--------+--------+--------+--------+-----+--------+
         Total |   1164 |   1164 |      0 |     27 |    649 |   6 |  194.0 |
       Dungeon |   1164 |   1164 |      0 |     27 |    649 |   6 |  194.0 |
               +--------+--------+--------+--------+--------+-----+--------+

Top non-repeatable levels by time:
     D:1: 881 daAuts
     D:2: 73 daAuts
     D:3: 70 daAuts
     D:5: 57 daAuts
     D:4: 51 daAuts
     D:6: 30 daAuts
